Map: Efflorescence LE

Players

IamChau

  • Race: Protoss Protoss
  • Spawn Location: 9:00

doudou

  • Race: Terran Terran
  • League: Diamond
  • Spawn Location: 6:00

qqq - Winner!

  • Race: Protoss Protoss
  • Spawn Location: 3:00

Massa - Winner!

  • Race: Terran Terran
  • League: Platinum
  • Spawn Location: 12:00

VOD

Have the link to the VOD?

Description

Time

  • Played on: Oct. 28, 2020, 5:05 p.m.
  • Length: 23:57
Show
View Real Time Build Order
Export as new Build Order

IamChau Protoss 

Build Orders: Carriers 

Get SALT Encoding   

  12  0:02  Probe  
  13  0:14  Probe  
  13  0:20  Pylon  
  14  0:30  Probe  
  14  0:34  Unknown  
  15  0:35  Unknown  
  15  0:37  Unknown  
  15  0:42  Gateway  
  15  0:46  Probe  
  15  0:47  Assimilator  
  16  1:23  Probe  
  17  1:31  Cybernetics Core  
  17  1:47  Pylon  
  17  1:58  Pylon  
  17  2:01  Zealot (Chrono Boost)  
  18  2:18  Probe  
  19  2:28  Pylon  
  19  2:30  Gateway  
  19  2:42  Probe  
  20  2:46  Assimilator  
  20  2:54  Probe  
  21  2:59  Nexus  
  21  3:53  Cybernetics Core  
  19  4:21  Probe  
  20  4:33  Nexus  
  20  4:36  Pylon  
  20  4:37  Probe  
  21  4:39  Stargate  
  21  4:53  Probe  
  22  5:17  Nexus  
  22  5:18  Pylon  
  22  5:21  Phoenix (Chrono Boost)  
  22  5:26  Pylon  
  24  5:31  Stargate  
  24  5:33  Probe  
  24  5:35  Zealot (Chrono Boost)  
  27  5:45  Probe  
  28  5:56  Phoenix  
  30  6:14  Phoenix  
  32  6:24  Probe x2  
  34  6:36  Probe x2, Assimilator  
  36  6:40  Phoenix  
  38  6:47  Probe  
  38  6:48  Probe x2  
  41  6:59  Probe  
  42  7:07  Stargate  
  42  7:08  Stargate  
  42  7:13  Probe x2 (Chrono Boost)  
  42  7:14  Probe (Chrono Boost)  
  45  7:22  Assimilator  
  45  7:25  Probe x2 (Chrono Boost)  
  45  7:29  Probe (Chrono Boost)  
  48  7:30  Probe (Chrono Boost), Forge  
  49  7:39  Probe x2  
  49  7:40  Probe  
  52  7:48  Phoenix  
  52  7:50  Phoenix  
  52  7:51  Probe x2  
  57  7:52  Probe  
  59  8:03  Probe x2  
  59  8:04  Probe, Photon Cannon  
  62  8:10  Phoenix (Chrono Boost)  
  64  8:15  Probe  
  59  8:22  Phoenix x3 (Chrono Boost)  
  63  8:32  Phoenix (Chrono Boost)  
  65  8:34  Photon Cannon  
  51  8:56  Phoenix  
  51  8:57  Phoenix x3  
  59  9:03  Probe x3  
  62  9:14  Assimilator  
  62  9:15  Probe x3, Assimilator  
  65  9:23  Photon Cannon  
  65  9:25  Phoenix  
  65  9:26  Photon Cannon  
  65  9:27  Probe x3  
  70  9:39  Probe x3, Protoss Air Weapons Level 1 (Chrono Boost)  
  73  9:51  Probe  
  74  9:55  Phoenix x4  
  74  9:56  Probe x2  
  84  10:03  Probe  
  85  10:15  Probe  
  84  11:01  Probe  
  84  11:03  Fleet Beacon  
  85  11:06  Pylon  
  85  11:08  Pylon  
  85  11:09  Pylon  
  85  11:11  Pylon x2  
  85  11:24  Probe x2, Phoenix x2 (Chrono Boost), Protoss Air Armor Level 1  
  85  11:25  Phoenix (Chrono Boost)  
  93  11:26  Probe, Phoenix (Chrono Boost)  
  93  11:27  Stargate  
  93  11:28  Stargate  
  96  11:42  Phoenix x3 (Chrono Boost)  
  96  11:43  Phoenix (Chrono Boost)  
  103  11:52  Anion Pulse-Crystals (Chrono Boost)  
  91  12:27  Carrier (Chrono Boost)  
  107  12:30  Carrier (Chrono Boost)  
  107  12:31  Carrier (Chrono Boost)  
  113  12:49  Carrier (Chrono Boost)  
  113  12:53  Nexus  
  113  12:57  Pylon  
  109  12:59  Pylon  
  109  13:01  Pylon  
  109  13:03  Pylon  
  105  13:12  Carrier x2 (Chrono Boost)  
  117  13:28  Shield Battery  
  117  13:29  Shield Battery  
  117  13:31  Shield Battery  
  117  13:32  Shield Battery  
  117  13:35  Shield Battery  
  117  13:36  Probe x3, Shield Battery  
  117  13:38  Shield Battery  
  117  13:40  Shield Battery  
  120  13:41  Shield Battery  
  120  13:48  Probe x3  
  120  13:50  Carrier x2  
  120  13:52  Assimilator  
  135  13:57  Assimilator  
  135  14:01  Protoss Shields Level 1, Photon Cannon  
  135  14:05  Photon Cannon  
  135  14:07  Photon Cannon  
  135  14:08  Photon Cannon  
  135  14:09  Robotics Facility  
  135  14:14  Photon Cannon  
  135  14:15  Photon Cannon  
  135  14:16  Photon Cannon  
  134  14:17  Photon Cannon  
  134  14:22  Photon Cannon  
  134  14:42  Carrier x2  
  132  15:10  Carrier x2 (Chrono Boost)  
  144  15:19  Protoss Air Weapons Level 2 (Chrono Boost)  
  144  15:34  Observer (Chrono Boost)  
  145  15:38  Robotics Bay  
  145  15:44  Pylon  
  145  15:46  Pylon  
  145  15:47  Observer (Chrono Boost)  
  145  15:48  Pylon  
  146  15:51  Pylon  
  146  15:54  Nexus  
  146  16:01  Nexus x2  
  146  16:02  Cybernetics Core  
  146  16:07  Nexus  
  146  16:15  Twilight Council  
  146  16:19  Carrier x4 (Chrono Boost)  
  182  17:05  Protoss Air Armor Level 2 (Chrono Boost)  
  182  17:16  Tempest (Chrono Boost)  
  182  17:18  Tempest (Chrono Boost)  
  186  17:27  Tempest x2 (Chrono Boost)  
  195  17:34  Photon Cannon  
  195  17:35  Photon Cannon  
  195  17:36  Tempest (Chrono Boost)  
  195  17:37  Photon Cannon  
  195  17:39  Photon Cannon  
  195  17:40  Photon Cannon  
  195  17:42  Protoss Air Weapons Level 3 (Chrono Boost)  
  195  17:43  Photon Cannon  
  195  17:45  Photon Cannon  
  195  17:46  Photon Cannon  
  195  17:49  Photon Cannon  
  195  17:50  Photon Cannon  
  116  19:13  Fleet Beacon  
  116  19:25  Void Ray, Nexus  
  116  19:26  Void Ray x5  
  116  19:29  Pylon  
  116  19:30  Pylon  
  116  19:32  Pylon  
  140  19:42  Nexus  
  140  19:44  Pylon  
  139  19:46  Pylon  
  133  20:01  Assimilator  
  133  20:03  Void Ray  
  133  20:04  Assimilator  
  121  20:13  Void Ray  
  121  20:14  Void Ray x4  
  133  20:32  Gravitic Boosters  
  133  20:41  Observer (Chrono Boost)  
  134  20:48  Charge  
  134  20:55  Flux Vanes  
  134  20:57  Pylon  
  134  21:01  Pylon  
  134  21:04  Pylon  
  134  21:06  Carrier x2 (Chrono Boost)  
  136  21:39  Probe x3  
  154  21:40  Tempest x3 (Chrono Boost)  
  109  22:34  Carrier x2 (Chrono Boost)  
  109  22:35  Carrier x2 (Chrono Boost)  
  116  22:53  Shield Battery  
  116  22:54  Shield Battery  
  116  22:56  Shield Battery  
Show
View Real Time Build Order
Export as new Build Order

doudou Terran 

Build Orders:  

Get SALT Encoding   

  12  0:02  SCV  
  13  0:14  SCV  
  14  0:22  Supply Depot  
  14  0:26  SCV  
  15  0:28  Refinery  
  15  0:44  SCV  
  15  0:46  Barracks  
  16  1:07  SCV  
  17  1:31  Supply Depot  
  17  1:33  Orbital Command  
  17  1:36  Marine  
  18  1:43  Factory  
  18  1:44  Refinery  
  18  1:54  Marine  
  19  2:15  Barracks Tech Lab  
  19  2:29  SCV, Command Center  
  20  2:44  Siege Tank  
  22  2:53  SCV  
  22  3:02  Barracks Tech Lab  
  22  3:06  SCV  
  22  3:07  Starport  
  23  3:18  SCV  
  24  3:33  Marine  
  25  3:41  Siege Tank  
  28  3:51  Orbital Command, Marine  
  28  3:54  SCV  
  30  3:57  Medivac  
  30  3:59  Engineering Bay  
  30  4:01  Engineering Bay  
  32  4:28  Siege Tank  
  32  4:29  Medivac  
  37  4:33  SCV  
  37  4:35  SCV  
  39  4:45  SCV  
  36  4:59  Refinery  
  32  5:01  Missile Turret  
  32  5:03  Refinery  
  32  5:04  SCV  
  32  5:05  SCV  
  32  5:10  Terran Infantry Weapons Level 1  
  31  5:16  SCV  
  32  5:23  SCV  
  33  5:29  SCV  
  33  5:31  Starport Reactor  
  33  5:35  SCV  
  35  5:38  Marine  
  36  5:43  Terran Infantry Armor Level 1, Barracks  
  36  5:48  Missile Turret  
  35  5:59  Marine  
  33  6:21  SCV x2  
  35  6:33  Barracks Reactor, SCV x2  
  35  6:34  Barracks  
  37  6:41  Stimpack  
  37  7:06  Marine  
  38  7:13  SCV x2  
  40  7:17  Marine x2  
  40  7:18  Siege Tank  
  40  7:22  Supply Depot  
  45  7:24  Marine  
  45  7:25  Supply Depot  
  46  7:31  Supply Depot  
  46  7:34  Supply Depot  
  46  7:37  Barracks Reactor  
  46  7:44  SCV x2, Armory, Marine x3  
  51  7:46  Supply Depot  
  50  7:56  SCV x2  
  52  8:01  Marine x3  
  55  8:08  SCV x2  
  57  8:19  Marine x3  
  59  8:20  SCV x2  
  61  8:31  Combat Shield  
  61  8:32  SCV  
  61  8:37  Marine, Command Center  
  61  8:57  Marine x4  
  61  8:58  Marine  
  61  9:01  Medivac x2  
  70  9:03  SCV  
  70  9:08  SCV  
  72  9:15  SCV, Marine x5  
  78  9:33  Marine x4  
  71  9:52  Marine x2  
  50  10:04  Orbital Command  
  50  10:05  Marine  
  50  10:06  Marine x2, Supply Depot  
  52  10:09  Barracks  
  52  10:10  Marine x2  
  54  10:14  Barracks  
  54  10:17  SCV  
  54  10:18  SCV  
  56  10:23  Marine x2  
  56  10:24  Marine  
  56  10:28  Marine x2  
  54  10:47  Marine x5  
  59  10:51  Siege Tank  
  59  10:52  Medivac x2  
  65  10:57  Terran Infantry Weapons Level 2  
  65  11:04  Marine x3  
  65  11:05  Marine x4  
  72  11:17  SCV x2  
  74  11:19  Terran Infantry Armor Level 2  
  74  11:21  Medivac  
  74  11:23  Medivac  
  78  11:27  Barracks Reactor  
  78  11:28  Barracks Reactor  
  78  11:29  SCV  
  79  11:46  Marine x3  
  79  11:47  Marine x2  
  68  12:04  Marine  
  68  12:07  Marine x2  
  68  12:08  Marine x6  
  73  12:22  Marine  
  72  12:25  Marine x3  
  72  12:28  Marine x5  
  75  12:40  Marine  
  75  12:43  Marine x3  
  79  12:46  Marine  
  80  12:54  Command Center  
  76  12:59  Marine x2  
  76  13:00  Marine x3  
  76  13:01  Marine x3  
  76  13:04  Marine  
  59  13:30  Missile Turret  
  59  13:32  SCV x2  
  59  13:34  Missile Turret  
  61  13:42  Medivac x2  
  61  13:44  SCV x2, Marine x2, Siege Tank  
  61  13:45  Marine  
  73  13:56  SCV x2  
  58  14:26  Marine  
  58  14:27  Marine x8  
  59  14:44  Marine x2  
  59  14:45  Marine x7  
  58  14:57  SCV  
  59  15:04  Command Center  
  58  15:17  Marine x3  
  61  15:26  Marine x6  
  67  15:35  Marine  
  68  15:41  Missile Turret  
  68  15:42  Missile Turret  
  55  16:21  Marine x5  
  55  16:22  Marine x2  
  62  16:42  Command Center  
  60  16:57  Medivac  
  60  16:58  Medivac  
  63  17:32  Terran Infantry Armor Level 3  
  48  18:31  Marine x4  
  48  18:32  Marine x5  
  51  18:49  Marine x5  
  51  18:50  Marine x2  
  58  18:59  Command Center  
  58  19:16  Medivac x2  
  62  19:17  Marine x5  
  62  19:18  Marine x4  
  70  19:33  Siege Tank  
  70  19:35  Marine x6  
  70  19:36  Marine  
  80  19:46  Medivac x2  
  73  19:56  Marine x2  
  73  19:57  Marine x3  
  71  20:09  Marine x2  
  70  20:22  Marine x3  
  48  20:48  Marine x5  
  48  20:49  Marine  
  45  20:55  Marine x2  
  43  20:58  Marine  
  44  21:06  SCV  
  44  21:07  SCV  
  46  21:15  Orbital Command  
  41  21:33  Marine x3  
  41  21:34  Marine x6  
  42  21:54  Marine  
  41  22:02  Orbital Command  
  6  22:59  Marine x3  
Show
View Real Time Build Order
Export as new Build Order

qqq Protoss - Winner!

Build Orders: Carriers 

Get SALT Encoding   

  12  0:00  Probe  
  13  0:19  Probe, Pylon  
  14  0:31  Probe  
  15  0:39  Forge  
  15  0:57  Pylon  
  15  0:58  Pylon  
  14  1:29  Pylon  
  14  1:35  Probe  
  15  1:47  Probe, Photon Cannon  
  15  1:49  Photon Cannon  
  15  2:08  Probe  
  16  2:20  Nexus  
  16  2:35  Probe  
  17  2:47  Probe  
  18  3:00  Probe  
  19  3:12  Photon Cannon, Pylon  
  19  3:32  Photon Cannon  
  19  3:43  Pylon  
  19  3:49  Pylon  
  19  3:50  Pylon  
  19  4:01  Probe x2  
  21  4:05  Assimilator  
  21  4:09  Assimilator  
  21  4:13  Probe x2  
  23  4:21  Gateway  
  22  4:25  Probe x2  
  24  4:37  Probe (Chrono Boost)  
  26  4:43  Probe (Chrono Boost)  
  26  4:44  Pylon  
  27  4:45  Pylon  
  27  4:46  Probe (Chrono Boost)  
  27  4:50  Probe (Chrono Boost)  
  27  4:51  Probe (Chrono Boost)  
  29  5:01  Probe  
  29  5:03  Probe  
  31  5:11  Cybernetics Core  
  31  5:13  Probe  
  32  5:15  Probe  
  33  5:25  Probe  
  33  5:27  Probe  
  33  5:28  Assimilator  
  35  5:32  Assimilator  
  35  5:38  Probe  
  35  5:40  Probe  
  37  5:44  Photon Cannon  
  37  5:45  Photon Cannon  
  37  5:49  Pylon  
  37  5:50  Probe  
  37  5:52  Probe  
  39  5:57  Nexus  
  39  5:59  Stargate  
  39  6:02  Probe  
  39  6:03  Pylon  
  40  6:05  Probe  
  40  6:10  Stargate  
  41  6:21  Protoss Air Weapons Level 1 (Chrono Boost)  
  41  6:23  Probe x2  
  43  6:32  Photon Cannon  
  43  6:35  Probe x2, Photon Cannon  
  45  6:40  Photon Cannon  
  45  6:45  Pylon  
  45  6:47  Probe  
  45  6:50  Phoenix (Chrono Boost)  
  47  6:54  Phoenix (Chrono Boost)  
  49  7:09  Probe  
  49  7:11  Phoenix (Chrono Boost)  
  49  7:12  Phoenix (Chrono Boost)  
  54  7:22  Photon Cannon  
  54  7:25  Probe, Shield Battery  
  54  7:26  Pylon  
  54  7:28  Phoenix (Chrono Boost)  
  57  7:37  Probe  
  57  7:39  Phoenix  
  60  7:49  Probe  
  61  7:51  Fleet Beacon  
  61  7:53  Phoenix  
  63  8:01  Probe  
  64  8:05  Phoenix  
  66  8:13  Probe, Protoss Air Armor Level 1  
  66  8:18  Phoenix  
  67  8:26  Probe  
  68  8:30  Phoenix  
  70  8:38  Probe  
  69  8:43  Phoenix  
  67  8:50  Probe  
  64  8:59  Phoenix  
  64  9:02  Probe  
  67  9:07  Nexus  
  67  9:08  Phoenix, Pylon  
  69  9:11  Pylon  
  69  9:13  Assimilator  
  69  9:14  Probe, Pylon  
  69  9:16  Anion Pulse-Crystals  
  70  9:17  Pylon, Assimilator  
  76  9:24  Carrier  
  76  9:26  Probe  
  77  9:36  Carrier  
  84  9:38  Probe  
  82  9:50  Probe  
  83  10:02  Probe  
  83  10:05  Photon Cannon  
  84  10:07  Photon Cannon  
  84  10:09  Pylon  
  84  10:12  Pylon  
  84  10:14  Probe  
  84  10:15  Photon Cannon  
  84  10:16  Pylon  
  85  10:25  Probe  
  85  10:27  Probe  
  93  10:28  Carrier  
  93  10:29  Photon Cannon  
  93  10:31  Photon Cannon  
  93  10:32  Shield Battery, Protoss Air Weapons Level 2 (Chrono Boost)  
  93  10:37  Probe  
  93  10:39  Probe  
  93  10:49  Probe  
  92  10:51  Probe  
  92  10:52  Carrier  
  99  11:01  Probe  
  99  11:03  Probe  
  101  11:06  Assimilator  
  101  11:10  Assimilator  
  101  11:13  Probe  
  101  11:15  Probe  
  103  11:25  Probe  
  104  11:27  Probe  
  104  11:32  Tempest  
  110  11:37  Probe  
  110  11:38  Stargate  
  110  11:39  Stargate  
  110  11:49  Probe  
  111  11:56  Phoenix  
  112  12:01  Probe  
  105  12:15  Carrier  
  105  12:21  Phoenix  
  107  12:25  Photon Cannon  
  107  12:26  Photon Cannon  
  107  12:28  Photon Cannon  
  107  12:29  Probe  
  108  12:30  Shield Battery  
  108  12:32  Nexus, Shield Battery  
  108  12:35  Carrier x2  
  120  12:41  Probe  
  121  12:46  Phoenix  
  123  12:53  Probe  
  124  13:05  Probe, Void Ray  
  123  13:19  Phoenix  
  123  13:32  Photon Cannon  
  123  13:33  Pylon  
  123  13:34  Probe  
  123  13:35  Pylon  
  123  13:36  Pylon  
  123  13:39  Carrier, Phoenix  
  123  13:40  Photon Cannon  
  132  13:41  Photon Cannon  
  132  13:44  Photon Cannon, Carrier  
  132  13:46  Probe  
  132  13:47  Shield Battery  
  132  13:48  Carrier  
  145  13:51  Photon Cannon  
  145  13:52  Pylon  
  145  13:53  Pylon  
  145  13:55  Nexus  
  145  13:56  Pylon  
  145  13:58  Probe, Pylon  
  146  14:02  Pylon  
  146  14:04  Pylon  
  146  14:05  Pylon  
  146  14:09  Pylon  
  146  14:11  Carrier  
  126  14:29  Probe x2  
  128  14:41  Probe  
  128  14:42  Probe  
  128  14:43  Carrier  
  136  14:49  Carrier, Robotics Facility  
  136  14:52  Phoenix  
  144  14:53  Probe, Pylon  
  144  14:54  Probe  
  144  14:55  Pylon  
  144  14:57  Pylon  
  144  14:59  Pylon  
  142  15:06  Probe x2  
  144  15:15  Tempest  
  144  15:17  Tempest, Mothership  
  144  15:18  Probe  
  163  15:36  Probe x3  
  163  15:39  Protoss Air Armor Level 2 (Chrono Boost)  
  166  15:43  Photon Cannon  
  166  15:47  Tempest  
  166  15:48  Probe x2  
  173  16:18  Tempest, Carrier  
  179  16:19  Void Ray  
  188  16:29  Probe x3  
  188  16:30  Tempest  
  196  16:34  Photon Cannon  
  196  16:38  Photon Cannon  
  196  16:39  Photon Cannon, Shield Battery  
  196  16:41  Probe, Shield Battery  
  196  16:42  Shield Battery  
  196  16:44  Photon Cannon  
  196  16:45  Pylon  
  197  16:53  Probe  
  198  17:05  Probe  
  193  17:17  Probe  
  194  17:27  Tempest  
  199  17:35  Observer  
  164  18:13  Protoss Air Weapons Level 3  
  118  18:34  Tempest x2, Carrier x2  
  128  18:54  Stargate x2  
  128  18:56  Photon Cannon  
  128  18:59  Photon Cannon  
  128  19:01  Shield Battery  
  128  19:03  Pylon  
  128  19:07  Stargate  
  128  19:10  Assimilator  
  128  19:14  Assimilator  
  128  19:16  Probe  
  129  19:17  Tempest, Carrier  
  129  19:18  Assimilator  
  129  19:20  Probe  
  129  19:22  Assimilator  
  129  19:23  Probe  
  142  19:25  Nexus  
  142  19:27  Pylon  
  142  19:28  Probe, Pylon  
  142  19:30  Pylon  
  143  19:32  Probe  
  143  19:33  Pylon  
  143  19:35  Probe  
  143  19:36  Pylon  
  143  19:38  Tempest, Carrier  
  156  19:46  Carrier x2  
  156  19:47  Probe  
  169  19:59  Probe  
  160  20:00  Tempest  
  155  20:07  Observer  
  155  20:11  Probe  
  150  20:21  Tempest  
  149  20:22  Carrier  
  155  20:42  Carrier  
  161  20:43  Phoenix  
  163  20:50  Carrier x2  
  175  21:03  Zealot  
  183  21:04  Carrier  
  183  21:08  Carrier  
  189  21:14  Photon Cannon  
  189  21:16  Photon Cannon  
  189  21:17  Photon Cannon  
  189  21:18  Photon Cannon  
  189  21:20  Photon Cannon  
  189  21:23  Shield Battery x2  
  189  21:24  Shield Battery  
  189  21:26  Carrier  
  189  21:30  Zealot  
  197  21:57  Zealot  
  197  21:59  Photon Cannon  
  197  22:01  Photon Cannon  
  181  22:24  Zealot  
  181  22:28  Tempest  
  181  22:29  Carrier x2  
  198  22:51  Zealot  
Show
View Real Time Build Order
Export as new Build Order

Massa Terran - Winner!

Build Orders: Liberator Opening 

Get SALT Encoding   

  12  0:00  SCV  
  13  0:12  SCV  
  14  0:22  Supply Depot  
  14  0:24  SCV  
  15  0:31  Refinery  
  15  0:44  SCV  
  15  0:46  Barracks  
  16  0:56  SCV  
  17  1:08  SCV  
  17  1:10  Refinery  
  18  1:20  SCV  
  19  1:28  Supply Depot  
  19  1:32  SCV  
  20  1:38  Reaper  
  21  1:47  Factory  
  21  1:56  Orbital Command  
  21  2:10  Marine  
  22  2:24  SCV  
  22  2:28  Barracks Reactor  
  23  2:32  Hellion  
  23  2:36  SCV  
  26  2:37  Starport  
  26  3:04  Hellion  
  26  3:05  Marine x2  
  30  3:20  Command Center  
  30  3:23  Marine  
  31  3:30  Supply Depot  
  31  3:52  SCV, Hellion, Marine x2, Supply Depot  
  31  3:54  Supply Depot  
  38  3:58  Liberator  
  39  4:08  Barracks  
  39  4:14  Marine x2  
  39  4:15  SCV  
  42  4:22  Engineering Bay  
  42  4:27  SCV  
  39  5:01  Marine x2  
  39  5:04  Barracks Tech Lab  
  39  5:06  Factory Reactor  
  41  5:16  Orbital Command  
  41  5:18  SCV  
  41  5:19  Marine x2  
  43  5:30  SCV  
  44  5:37  Marine x2, Viking  
  48  5:54  Marine  
  49  6:04  Marine  
  49  6:05  Marauder, Stimpack  
  49  6:07  Liberator  
  55  6:12  Marine  
  53  6:25  Marine  
  53  6:27  Marauder  
  53  6:30  Marine  
  57  6:34  Hellion x2  
  57  6:37  SCV x2  
  63  6:48  Marauder, Missile Turret  
  63  6:49  SCV x2  
  63  6:50  Viking  
  69  7:09  Hellion  
  70  7:32  Supply Depot  
  70  7:33  Supply Depot  
  70  7:35  Missile Turret, Supply Depot  
  70  7:36  Missile Turret x2  
  70  7:38  Missile Turret  
  70  7:45  Combat Shield  
  70  7:53  Marine  
  70  7:54  SCV x2, Hellion x2, Marauder, Marine  
  70  7:55  Supply Depot  
  70  7:58  Supply Depot  
  80  7:59  Supply Depot  
  80  8:06  SCV  
  80  8:11  Marine  
  80  8:12  Marine  
  83  8:15  Widow Mine x2, Marauder  
  83  8:18  Viking  
  91  8:26  Terran Infantry Weapons Level 1  
  91  8:27  Command Center  
  91  8:37  Widow Mine, Marauder  
  95  8:48  Liberator  
  95  8:51  Armory  
  95  8:53  SCV x2  
  97  8:58  Refinery  
  97  9:01  Marauder  
  97  9:02  Refinery  
  99  9:04  Concussive Shells  
  99  9:05  SCV x2  
  101  9:11  Factory Tech Lab  
  101  9:18  Marine x2  
  101  9:23  Marauder  
  106  9:36  Marine x2  
  94  10:10  Liberator  
  84  10:54  Siege Tank  
  84  10:55  Marauder  
  84  10:56  Marine x2  
  89  11:02  Viking  
  91  11:12  SCV  
  91  11:13  SCV, Marine  
  91  11:14  Marine  
  91  11:17  Marauder  
  94  11:24  SCV  
  94  11:25  SCV  
  96  11:26  Siege Tank  
  99  11:34  Missile Turret  
  99  11:36  SCV  
  99  11:37  SCV  
  99  11:38  Marauder, Missile Turret  
  103  11:40  Missile Turret  
  103  11:42  Barracks  
  103  11:44  Barracks  
  103  11:48  SCV  
  103  11:49  SCV  
  79  11:56  Missile Turret  
  79  11:59  Marauder, Missile Turret  
  79  12:01  SCV x2, Missile Turret  
  79  12:08  Liberator  
  75  12:20  Missile Turret  
  75  12:21  Marauder  
  75  12:22  Missile Turret  
  64  12:30  Marine x2  
  64  12:31  Barracks  
  64  12:36  Barracks Tech Lab, Factory  
  66  12:37  Siege Tank  
  66  12:42  Marauder  
  71  12:47  Marine  
  71  12:48  Marine  
  71  12:52  Marine x2  
  73  13:02  Marauder  
  73  13:04  Marauder  
  73  13:05  Marine  
  77  13:06  Marine  
  77  13:09  Siege Tank  
  77  13:10  Marine x2  
  82  13:23  Starport, Marine x2  
  82  13:24  Orbital Command, Marauder  
  82  13:25  Marauder  
  85  13:27  Marine  
  85  13:28  Marine  
  87  13:35  Command Center  
  87  13:41  Marine x2  
  87  13:42  Barracks Reactor  
  87  13:45  Marauder, Marine  
  87  13:46  Marauder, Marine  
  95  13:48  Command Center  
  95  13:51  Liberator  
  97  13:56  SCV x3  
  97  13:59  Marine x2  
  97  14:02  Sensor Tower  
  101  14:03  Marine  
  101  14:04  Refinery  
  101  14:05  Refinery  
  101  14:07  Marauder  
  101  14:08  SCV x3, Marauder, Marine  
  110  14:16  Marine  
  111  14:17  Marine  
  111  14:20  SCV x2  
  111  14:21  Marine  
  115  14:26  Marine  
  115  14:28  Marauder  
  115  14:29  Marauder  
  120  14:33  Liberator  
  120  14:34  Marine  
  120  14:35  Marine  
  122  14:39  Marine  
  122  14:44  Marine  
  117  14:49  Marauder  
  117  14:51  Marauder  
  117  14:52  Marine x2  
  101  14:54  Marine  
  101  14:55  Marine  
  101  14:56  Marine  
  101  14:57  Thor  
  100  15:02  Marine  
  101  15:09  Missile Turret  
  101  15:10  Marine x3  
  101  15:11  Marine  
  101  15:12  Marine  
  101  15:13  Marine  
  107  15:14  Marine  
  107  15:19  Marine  
  105  15:28  Marine x3  
  106  15:29  Factory Tech Lab, Marine, Missile Turret  
  106  15:30  Smart Servos, Marine  
  106  15:31  Marine  
  106  15:32  Marine  
  106  15:34  Terran Infantry Weapons Level 2  
  112  15:37  Marine  
  112  15:40  Engineering Bay, Thor  
  119  15:44  Armory  
  119  15:49  Orbital Command  
  119  15:50  Missile Turret  
  119  15:52  SCV x2  
  121  16:11  Missile Turret  
  121  16:34  Starport Reactor  
  121  16:48  Thor x2  
  121  16:53  Terran Infantry Armor Level 1  
  130  16:56  Terran Vehicle And Ship Armor Level 1, Terran Vehicle Weapons Level 1  
  130  17:00  SCV  
  130  17:01  SCV x3  
  134  17:12  SCV  
  134  17:13  SCV x3, Planetary Fortress  
  138  17:24  SCV  
  138  17:25  SCV x3  
  142  17:30  Marauder, Thor  
  142  17:31  Marauder, Marine x6  
  142  17:36  SCV  
  159  17:37  SCV x3  
  159  17:40  Missile Turret  
  159  17:41  Missile Turret  
  159  17:43  Missile Turret x2  
  162  17:45  Factory  
  162  17:49  SCV  
  163  17:54  SCV, Marine x2  
  163  17:56  SCV, Marine  
  163  18:20  Supply Depot  
  163  18:21  Supply Depot  
  163  18:22  Supply Depot x4  
  163  18:23  Supply Depot  
  163  18:25  Supply Depot x2  
  163  18:35  Marine x2  
  163  18:36  Marine x2  
  163  18:37  Marine  
  163  18:38  Marine  
  163  18:39  Marauder, Medivac  
  163  18:41  Medivac x2  
  162  18:42  Marauder  
  162  18:45  Supply Depot  
  162  18:46  Supply Depot x2  
  129  18:53  Marine  
  129  18:54  Marine  
  129  18:55  Marine  
  116  18:56  Marine  
  116  19:00  Thor x2  
  116  19:01  Marauder  
  116  19:02  Factory Tech Lab  
  113  19:03  Marauder  
  113  19:09  Medivac  
  117  19:11  Medivac x2  
  117  19:13  Marine  
  117  19:14  Refinery  
  117  19:16  Refinery  
  122  19:18  Command Center  
  122  19:20  Refinery  
  122  19:22  Marauder  
  122  19:23  Refinery  
  122  19:24  Marauder  
  122  19:31  Thor  
  128  19:43  Marauder, Thor x2  
  139  19:46  Marauder  
  115  20:06  Missile Turret  
  113  20:07  Missile Turret  
  113  20:08  Missile Turret  
  113  20:14  Thor  
  118  20:26  Marauder, Thor x2  
  118  20:27  Marauder, Marine x6  
  130  20:45  Marine x6  
  130  20:47  Marauder  
  130  20:48  Marauder  
  138  20:57  Thor  
  138  21:02  Marine  
  138  21:03  Marine x2  
  147  21:09  Marauder  
  147  21:10  Marauder  
  117  21:30  Marauder  
  117  21:31  Marauder  
  121  21:37  Missile Turret  
  121  21:38  Missile Turret  
  121  21:39  Missile Turret  
  121  21:42  Sensor Tower  
  121  21:52  Marauder x2  
  125  21:56  Missile Turret  
  125  22:00  Missile Turret  
  125  22:09  Thor x3  
  125  22:11  Marine  
  125  22:12  Marine x5  
  125  22:13  Marauder  
  125  22:14  Marauder  
  153  22:29  Marine  
  154  22:30  Marine x5  
  154  22:34  Marauder  
  154  22:35  Marauder  
  163  22:56  Marauder x2  
  167  23:11  Planetary Fortress  
  167  23:13  SCV x3  
  167  23:14  SCV x2  
  172  23:25  SCV  
Tags
 
Add a new tag
Caveats
  • Supply blocks, unpowered buildings, or Contaminate may cause inaccurate times.
  • Supply counts are checked every 10 seconds.